AoeStats
← Sapor123

Arabia

510066795Analyzed
1v1 RM · 5d ago on Sep 29, 2026· 16m 31s· 2 players
Game mode
Random Map
Map size
Tiny (2 player)
Population
200
Speed
Normal
Resources
Standard
Victory
Conquest
Starting age
Dark Age
Ending age
Imperial Age
RankedLock teamsTeams togetherTeam positionsShared explorationLock speedFull tech treeHidden civsTurbo modeCheats
Victory
Defeat
🇬🇧 Vikings · United Kingdom
1308
+14
🇩🇪 Poles · Germany
1261
-14
Sapor123
9:51 Feudal Age
9:32 Loom
10:25 Double-Bit Axe
11:30 Horse Collar
16:54 Fletching
lufab
6:41 Loom
9:22 Feudal Age
11:34 Double-Bit Axe
11:30 Horse Collar
Connection lost

Rejoining the realm…

Still unreachable

The connection could not be restored.

Session expired

The server has moved on; the page needs a fresh start.